[Event "Titled Tuesday Blitz March 21 Late 2023"]
[White "Kozlov, Gennady"]
[Black "Narayanan.S.L"]
[WhiteFideId "4191668"]
[BlackFideId "5058422"]
[WhiteElo "2356"]
[BlackElo "2547"]
[Result "1-0"]
[Round "02"]
[TimeControl "180+2"]
[Date "2023.03.21"]
[WhiteClock "0:00:21"]
[BlackClock "0:00:14"]

1. b3 a5 2. Bb2 a4 3. bxa4 Rxa4 4. Nf3 Rb4 5. Bc3 Rb6 6. Bd4 Rg6 7. g3 Nc6 8. Bb2 h5 9. Bg2 h4 10. c4 h3 11. Bf1 d6 12. Nc3 e5 13. d3 Nf6 14. Qd2 Bg4 15. Nh4 Rxh4 16. gxh4 Nd4 17. O-O-O c6 18. Rg1 b5 19. cxb5 cxb5 20. f3 Be6 21. Rxg6 fxg6 22. e3 Nf5 23. Nxb5 Qb6 24. d4 e4 25. fxe4 Nxe4 26. Qc2 d5 27. Nc7+ Kf7 28. Nxe6 Qxe6 29. Bxh3 Kg8 30. Rf1 Qa6 31. Qb3 Qc6+ 32. Kd1 Ned6 33. Bxf5 gxf5 34. Ba3 Qa6 35. Re1 Ne4 36. Bxf8 Kxf8 37. a3 Kg8 38. Qxd5+ Kh8 39. Qb3 Qa5 40. Qb4 Qa6 41. Qb3 Qa5 42. Re2 Nc3+ 43. Ke1 Ne4+ 44. Kf1 Qa6 45. Qc2 Kh7 46. a4 Qa8 47. Rg2 Nd6 48. Qc7 Qf3+ 49. Rf2 Qd1+ 50. Kg2 Qg4+ 51. Kf1 Ne4 52. Qf4 Qd1+ 53. Kg2 g6 54. a5 Nxf2 55. Qxf2 Qg4+ 56. Qg3 Qe2+ 57. Kh3 Qf1+ 58. Qg2 Qe1 59. Qf3 Qxa5 60. d5 Qc5 61. h5 Kh6 62. hxg6 Kxg6 63. Kg3 Qb4 64. h4 Qe1+ 65. Qf2 Qd1 66. Qf3 Qe1+ 67. Qf2 Qd1 68. Kh2 Kf6 69. Qg2 Qe1 70. Qg5+ Kf7 71. h5 Qd2+ 72. Kg3 Qxd5 73. h6 Qe5+ 74. Kf3 Qe4+ 75. Kf2 Qc2+ 76. Kg3 Qc7+ 77. Qf4 Qd7 78. Kh4 Kg6 79. Qg5+ Kh7 80. Qg7+ Qxg7 81. hxg7 f4 82. exf4 Kxg7 83. Kg5 Kf7 84. Kf5 1-0


[Site "https://www.chess.com"]

[Event "Titled Tuesday Blitz March 21 Late 2023"]
[White "Zhigalko, Sergei"]
[Black "Balla, Tamas-Kristof"]
[WhiteFideId "13502956"]
[BlackFideId "1208497"]
[WhiteElo "2626"]
[BlackElo "2334"]
[Result "1-0"]
[Round "02"]
[TimeControl "180+2"]
[Date "2023.03.21"]
[WhiteClock "0:01:29"]
[BlackClock "0:00:05"]

1. e4 c5 2. Nf3 Nc6 3. c3 Nf6 4. e5 Nd5 5. Bc4 e6 6. d4 cxd4 7. cxd4 d6 8. O-O Be7 9. Bd2 O-O 10. Nc3 dxe5 11. dxe5 Nxc3 12. Bxc3 Qc7 13. Qe2 b6 14. Bd3 Bb7 15. a3 Rfd8 16. Rfe1 Bf8 17. Bxh7+ Kxh7 18. Ng5+ Kg8 19. Qh5 Bc5 20. Qh7+ Kf8 21. Qh8+ Ke7 22. Qxg7 Rf8 23. Rad1 Bc8 24. b4 Bxf2+ 25. Kxf2 Bd7 26. b5 Nd8 27. Bb4+ Ke8 28. Qxf8# 1-0


[Site "https://www.chess.com"]

[Event "Titled Tuesday Blitz March 21 Late 2023"]
[White "Rustemov, Alexander"]
[Black "Shohat, Yotam"]
[WhiteFideId "4119002"]
[BlackFideId "2813955"]
[WhiteElo "2860"]
[BlackElo "2226"]
[Result "1-0"]
[Round "02"]
[TimeControl "180+2"]
[Date "2023.03.21"]
[WhiteClock "0:00:55"]
[BlackClock "0:00:03"]

1. d4 Nf6 2. c4 e6 3. Nf3 b6 4. a3 Bb7 5. Nc3 d5 6. Bg5 Be7 7. Bxf6 Bxf6 8. cxd5 exd5 9. Qa4+ c6 10. g3 O-O 11. Rd1 Re8 12. Bg2 Nd7 13. O-O Nf8 14. e3 Ne6 15. Rd2 Qd6 16. Rfd1 Qe7 17. b4 a5 18. Qb3 axb4 19. axb4 Nc7 20. Ne1 Ba6 21. Bf1 Bxf1 22. Kxf1 c5 23. bxc5 bxc5 24. dxc5 Reb8 25. Qc2 Bxc3 26. Qxc3 Qe4 27. Kg1 Ne6 28. Qc2 Ng5 29. Qxe4 Nxe4 30. Rc2 Rd8 31. Nf3 Rac8 32. Rdc1 f6 33. Nd4 Kf7 34. c6 Ng5 35. Nb5 Ne6 36. Rd1 Ke7 37. Rcd2 Nc7 38. Nd4 g6 39. Rb1 Ne6 40. Rb7+ Rc7 41. Nxe6 Rxb7 42. cxb7 Kxe6 43. Rc2 1-0


[Site "https://www.chess.com"]

[Event "Titled Tuesday Blitz March 21 Late 2023"]
[White "Stelmaszyk, Nico"]
[Black "Ozen, Bahadir"]
[WhiteFideId "16200462"]
[BlackFideId "6337058"]
[WhiteElo "2255"]
[BlackElo "2503"]
[Result "0-1"]
[Round "02"]
[TimeControl "180+2"]
[Date "2023.03.21"]
[WhiteClock "0:00:08"]
[BlackClock "0:00:15"]

1. e4 e5 2. Bc4 Nf6 3. d4 exd4 4. Nf3 Nc6 5. O-O Nxe4 6. Re1 d5 7. Nc3 dxc4 8. Rxe4+ Be7 9. Nxd4 O-O 10. Nxc6 bxc6 11. Qxd8 Bxd8 12. Rxc4 Bf5 13. Rxc6 Bxc2 14. Bf4 Rb8 15. b3 Bf6 16. Rc1 Rfe8 17. Nd5 Bb2 18. R6xc2 Bxc1 19. Rxc1 Rbd8 20. Nxc7 Re2 21. a3 g5 22. Bxg5 Rc2 23. Rf1 Rd3 24. Na6 Rxb3 25. Be7 Rc6 26. Nb4 Re6 27. Bc5 Rxa3 28. Be3 a5 29. Nd5 Rb3 30. Rc1 Kg7 31. h4 h5 32. Rc8 a4 33. Ra8 a3 34. Nf4 Rd6 35. Nxh5+ Kh7 36. Ng3 Rd1+ 37. Kh2 Rdd3 38. Ne4 Rb2 39. Ng5+ Kg6 40. Ra6+ f6 41. Ne4 a2 42. Rxf6+ Kg7 43. Ra6 Rd1 44. Nc3 a1=Q 45. Rxa1 Rxa1 46. Ne2 Rxe2 47. Bd4+ Kg6 48. Bxa1 Rxf2 49. Bd4 Rf4 50. Be3 Rxh4+ 51. Kg3 Ra4 52. Kf3 Kf5 53. Bc5 Rc4 54. g4+ Rxg4 55. Bf2 Rc4 56. Kg2 Rc2 57. Kf3 Rc3+ 58. Kg2 Kg4 59. Bg1 Rh3 60. Bh2 Rh7 61. Bg1 Rg7 62. Bh2 Rg8 63. Bg1 Kf4+ 64. Kh1 Kf3 65. Bh2 Rh8 66. Kg1 Rh5 67. Kh1 Kg4 68. Kg2 Rg5 69. Bg1 Kh4+ 70. Kh1 Kh3 71. Bh2 Rb5 72. Bg1 Rb2 73. Be3 Rh2+ 74. Kg1 Re2 75. Bf2 Kg4 76. Kg2 Rd2 77. Kg1 Kf3 78. Bb6 Rb2 79. Kh1 Rxb6 0-1


[Site "https://www.chess.com"]

[Event "Titled Tuesday Blitz March 21 Late 2023"]
[White "Bilan, Danila"]
[Black "Timofeev, Artyom"]
[WhiteFideId "24161918"]
[BlackFideId "4140419"]
[WhiteElo "2182"]
[BlackElo "2586"]
[Result "0-1"]
[Round "02"]
[TimeControl "180+2"]
[Date "2023.03.21"]
[WhiteClock "0:00:03"]
[BlackClock "0:01:07"]

1. d4 d5 2. Nf3 Nf6 3. c4 e6 4. Nc3 h6 5. cxd5 exd5 6. Bf4 Bd6 7. Bg3 c6 8. e3 O-O 9. Bd3 Re8 10. Qc2 Qe7 11. Ne5 Nbd7 12. f4 c5 13. O-O c4 14. Bf5 Nb6 15. Bh4 Bxf5 16. Qxf5 Qe6 17. Qc2 Bb4 18. f5 Qd6 19. Rf3 Bxc3 20. bxc3 Ne4 21. f6 Nd7 22. Nxd7 Qxd7 23. fxg7 Qg4 24. Bg3 Qg6 25. Raf1 Ng5 26. Rf5 Rxe3 27. Be5 Nf3+ 28. R5xf3 Rxf3 29. Qxg6 Rxf1+ 30. Kxf1 fxg6 31. Kf2 b5 32. Ke2 a5 33. a3 Ra7 34. h3 Rb7 35. Kd2 b4 36. axb4 axb4 37. Kc2 b3+ 38. Kb2 Ra7 0-1


[Site "https://www.chess.com"]

[Event "Titled Tuesday Blitz March 21 Late 2023"]
[White "Mazurkiewicz, Michal"]
[Black "Averjanov, Alexey"]
[WhiteFideId "1124943"]
[BlackFideId "14109867"]
[WhiteElo "2054"]
[BlackElo "2809"]
[Result "0-1"]
[Round "02"]
[TimeControl "180+2"]
[Date "2023.03.21"]
[WhiteClock "0:00:19"]
[BlackClock "0:00:10"]

1. e4 c6 2. d3 d5 3. Nd2 e5 4. Ngf3 Bd6 5. d4 exd4 6. exd5 Nf6 7. dxc6 Nxc6 8. Nb3 O-O 9. Be2 Re8 10. O-O Bc7 11. Nbxd4 Nxd4 12. Nxd4 Qd6 13. Nf3 Rxe2 14. Qxe2 Bg4 15. Rd1 Bxf3 16. Qxf3 Qxh2+ 17. Kf1 Re8 18. Be3 h6 19. g3 Qh3+ 20. Qg2 Qh5 21. Re1 Ng4 22. Kg1 Ne5 23. g4 Nxg4 24. Bf4 Rxe1+ 25. Rxe1 Bxf4 26. Re8+ Kh7 27. Qe4+ Qg6 28. Qxf4 Nf6+ 29. Qg3 Qxg3+ 30. fxg3 Nxe8 31. c4 Kg6 32. b4 Kf5 33. c5 Ke4 34. a4 Kd5 35. a5 a6 0-1


[Site "https://www.chess.com"]

[Event "Titled Tuesday Blitz March 21 Late 2023"]
[White "Vakhlamov, Igor L."]
[Black "Girsh, Daniel"]
[WhiteFideId "24126748"]
[BlackFideId "30949190"]
[WhiteElo "2400"]
[BlackElo "2075"]
[Result "1-0"]
[Round "02"]
[TimeControl "180+2"]
[Date "2023.03.21"]
[WhiteClock "0:01:38"]
[BlackClock "0:00:24"]

1. e4 c5 2. Nf3 d6 3. Nc3 Nf6 4. d4 cxd4 5. Qxd4 a6 6. e5 Nc6 7. Qa4 dxe5 8. Nxe5 Bd7 9. Nxd7 Qxd7 10. Be3 e6 11. Rd1 Qc7 12. g3 Be7 13. Bg2 O-O 14. O-O Rac8 15. Bf4 Qb6 16. Qb3 Qxb3 17. axb3 Rfd8 18. Na4 Rxd1 19. Rxd1 Rd8 20. Rxd8+ Nxd8 21. Kf1 Kf8 22. Ke2 Ke8 23. c4 b5 24. Nc3 b4 25. Ne4 Nxe4 26. Bxe4 f5 27. Bg2 Bf6 28. Bd6 a5 29. Bc7 Bxb2 30. Bxa5 Bc3 31. Kd3 Kd7 32. c5 Nc6 33. Bxc6+ Kxc6 34. Kc4 e5 35. Bxb4 Bxb4 36. Kxb4 g5 37. Kc4 h5 38. b4 e4 39. b5+ Kc7 40. Kd4 h4 41. gxh4 gxh4 42. Ke5 1-0


[Site "https://www.chess.com"]

[Event "Titled Tuesday Blitz March 21 Late 2023"]
[White "Guzman Moneo, Alberto"]
[Black "Wagner, Dennis"]
[WhiteFideId "2209616"]
[BlackFideId "24650684"]
[WhiteElo "2157"]
[BlackElo "2470"]
[Result "0-1"]
[Round "02"]
[TimeControl "180+2"]
[Date "2023.03.21"]
[WhiteClock "0:00:03"]
[BlackClock "0:00:28"]

1. e4 e5 2. Nf3 Nc6 3. Bc4 Nf6 4. Ng5 d5 5. exd5 b5 6. Bf1 Nxd5 7. Bxb5 Bb7 8. d4 Be7 9. h4 exd4 10. Qxd4 O-O 11. Qd3 g6 12. Bxc6 Bxc6 13. O-O Nb4 14. Qc4 Bd5 15. Qc3 Qd6 16. a3 Nc6 17. Rd1 Bf6 18. Qd2 Nd4 19. Nc3 Rfe8 20. Nxd5 Qxd5 21. c3 Re2 22. Qf4 Nf3+ 23. Qxf3 Qxd1+ 24. Kh2 Be5+ 25. g3 Rf8 0-1


[Site "https://www.chess.com"]

[Event "Titled Tuesday Blitz March 21 Late 2023"]
[White "Beulen, Marcel"]
[Black "Klekowski, Maciej"]
[WhiteFideId "1001450"]
[BlackFideId "1132717"]
[WhiteElo "2431"]
[BlackElo "2540"]
[Result "0-1"]
[Round "02"]
[TimeControl "180+2"]
[Date "2023.03.21"]
[WhiteClock "0:00:22"]
[BlackClock "0:00:56"]

1. e4 c5 2. Nf3 e6 3. c3 Nf6 4. e5 Nd5 5. g3 Nc6 6. Bg2 d6 7. exd6 Bxd6 8. O-O O-O 9. d4 Qe7 10. dxc5 Bxc5 11. Nbd2 Rd8 12. Qe2 h6 13. Ne4 Bb6 14. c4 Ndb4 15. Bd2 Nc2 16. Rac1 N2d4 17. Nxd4 Nxd4 18. Qe1 e5 19. c5 Bc7 20. Be3 Be6 21. a3 Nb3 22. Rc3 f5 23. Nd2 Nxd2 24. Bxd2 e4 25. b4 Be5 26. Rc1 Rd3 27. a4 Rad8 28. Be3 Bb2 29. Rb1 Qf6 30. Qe2 Bd4 31. Rfd1 Bxe3 32. Rxd3 Bxf2+ 33. Qxf2 Rxd3 34. b5 Qc3 35. Re1 Rd2 36. Qe3 Qxe3+ 37. Rxe3 Rc2 38. g4 g6 39. gxf5 gxf5 40. c6 bxc6 41. bxc6 Rxc6 42. Kf2 Kf7 43. Kg3 Kf6 44. Kf4 Rc4 45. a5 Rc2 46. Rg3 Rf2+ 47. Ke3 Ra2 48. Rh3 Ke5 49. Rxh6 f4# 0-1


[Site "https://www.chess.com"]

[Event "Titled Tuesday Blitz March 21 Late 2023"]
[White "Jaracz, Pawel"]
[Black "Kaganskiy, Gleb"]
[WhiteFideId "1102222"]
[BlackFideId "4132025"]
[WhiteElo "2438"]
[BlackElo "2165"]
[Result "1/2-1/2"]
[Round "02"]
[TimeControl "180+2"]
[Date "2023.03.21"]
[WhiteClock "0:00:09"]
[BlackClock "0:00:08"]

1. d4 Nf6 2. Nf3 d5 3. Bf4 c5 4. e3 Nc6 5. c3 Qb6 6. Qc1 cxd4 7. exd4 Bf5 8. Nbd2 e6 9. Be2 Qd8 10. Nh4 Bg6 11. O-O Bd6 12. Bg3 Rc8 13. Qd1 a6 14. a4 Ne4 15. Nxe4 Bxe4 16. f3 Bxg3 17. hxg3 Bg6 18. b4 Ne7 19. Qd2 Qc7 20. Kf2 Qxc3 21. Qxc3 Rxc3 22. Rfc1 Rxc1 23. Rxc1 Kd7 24. b5 a5 25. b6 Rc8 26. Bb5+ Kd8 27. Rc5 Bc2 28. f4 Be4 29. g4 h6 30. g3 g5 31. Nf3 Bxf3 32. Kxf3 Nc6 33. Bxc6 Rxc6 34. Rb5 Rc4 35. Rxa5 Rxd4 36. Ra8+ Kd7 37. Rf8 Kc6 38. a5 Ra4 39. Rc8+ Kb5 40. Rc7 Ka6 41. Rxf7 Rxa5 42. Rf6 d4 43. Rxh6 Rd5 44. Rxe6 d3 45. Re1 d2 46. Rd1 Kxb6 47. Ke4 Rd8 48. fxg5 Kc6 49. g6 b5 50. g7 b4 51. Rxd2 Rg8 52. Rc2+ Kd6 53. Rd2+ Ke6 54. Ra2 Rxg7 55. Ra6+ Kf7 56. Kf5 Kg8 57. Rb6 Rf7+ 58. Kg5 Rf8 59. Kg6 Re8 60. Rxb4 Rd8 61. g5 Rc8 62. Kh5 Rd8 63. g4 Rc8 64. g6 Rd8 65. Rb7 Rc8 66. Kg5 Rd8 67. Kf6 Rc8 68. Rd7 Rc6+ 69. Kg5 Rc8 70. Kh6 Rb8 71. Rg7+ Kh8 72. Rf7 Kg8 73. Kg5 Rb5+ 74. Rf5 Rb8 75. Kf6 Rb6+ 76. Kg5 Rb8 77. Rd5 Ra8 78. Kf5 Rb8 79. Rd6 Ra8 80. Kf6 Rb8 81. g5 Ra8 82. Ke7 Ra7+ 83. Rd7 Ra8 84. Kf6 Rb8 85. g7 Rb6+ 86. Kf5 Rb5+ 87. Kg4 Rb8 88. Kh5 Ra8 89. Kh6 Ra6+ 90. Kh5 Ra8 91. Kg6 Ra6+ 92. Kf5 Ra8 93. Re7 Ra5+ 94. Kf6 Ra6+ 95. Kf5 Ra5+ 96. Kg6 Ra6+ 97. Kh5 Ra8 98. Rb7 Rc8 99. Kh6 Rc6+ 100. Kh5 Rc8 101. Kg6 Rc6+ 102. Kf5 Rc8 103. Re7 Rc5+ 104. Kf6 Rc6+ 105. Re6 Rxe6+ 106. Kxe6 Kxg7 107. Kf5 Kf7 108. g6+ Kg7 109. Kg5 Kg8 110. Kf6 Kf8 111. g7+ Kg8 112. Kg6 1/2-1/2


[Site "https://www.chess.com"]

[Event "Titled Tuesday Blitz March 21 Late 2023"]
[White "Gatterer, Florian"]
[Black "Hamitevici, Vladimir"]
[WhiteFideId "811688"]
[BlackFideId "13902393"]
[WhiteElo "2221"]
[BlackElo "2401"]
[Result "0-1"]
[Round "02"]
[TimeControl "180+2"]
[Date "2023.03.21"]
[WhiteClock "0:00:07"]
[BlackClock "0:00:13"]

1. b3 d5 2. Bb2 Bf5 3. Nf3 e6 4. g3 h6 5. Bg2 Nf6 6. d3 Be7 7. O-O O-O 8. Nbd2 Bh7 9. Ne5 a5 10. a4 Na6 11. Kh1 Nb4 12. c3 Na6 13. Nef3 Bd6 14. Re1 Nc5 15. d4 Ncd7 16. c4 Bb4 17. Ba3 c5 18. Bxb4 axb4 19. e3 Re8 20. Ne5 cxd4 21. exd4 Rc8 22. c5 Nxe5 23. Rxe5 Nd7 24. Re1 Qf6 25. Nf3 Be4 26. Nh4 Qxf2 27. Bxe4 dxe4 28. Rxe4 Qf6 29. Qd2 g5 30. Ng2 Nxc5 31. Re3 Red8 32. Rd1 Na6 33. Rd3 Rd6 34. Ne3 Rcd8 35. Ng4 Qg7 36. Qf2 f5 37. Ne5 Nc7 38. Nc4 Rd5 39. Nb6 R5d6 40. Nc4 R6d7 41. Nb6 Re7 42. Qe1 Nd5 43. Nxd5 Rxd5 44. Qxb4 Red7 45. Qc3 Qe7 46. Qc8+ Rd8 47. Qc3 Qd6 48. Kg1 Qd7 49. Qc4 Kg7 50. a5 e5 51. b4 e4 52. R3d2 f4 53. Qc2 e3 54. Rd3 Qe7 55. Qe2 Qe4 56. gxf4 gxf4 57. Qg2+ Rg5 0-1


[Site "https://www.chess.com"]

[Event "Titled Tuesday Blitz March 21 Late 2023"]
[White "Leschinsky, Gary"]
[Black "Popov, Mikhail"]
[WhiteFideId "30951321"]
[BlackFideId "4146182"]
[WhiteElo "1855"]
[BlackElo "2270"]
[Result "0-1"]
[Round "02"]
[TimeControl "180+2"]
[Date "2023.03.21"]
[WhiteClock "0:00:32"]
[BlackClock "0:00:09"]

1. d4 Nf6 2. c4 g6 3. Nc3 d5 4. Nf3 Bg7 5. cxd5 Nxd5 6. e4 Nxc3 7. bxc3 c5 8. h3 O-O 9. Be2 b6 10. O-O Bb7 11. Qd3 cxd4 12. cxd4 Nc6 13. Bb2 Rc8 14. a3 Qd7 15. Rac1 Rfd8 16. Rfd1 Bh6 17. Rc2 Na5 18. d5 Rxc2 19. Qxc2 Rc8 20. Qd3 Qa4 21. e5 Qc2 22. Ba1 Qxd3 23. Bxd3 Bxd5 24. Ba6 Bxf3 25. gxf3 Rc1 26. Rxc1 Bxc1 27. a4 Bf4 28. Bb5 Nb3 29. Bc3 Nc5 30. Bd4 Ne6 31. Bc3 Bc1 32. Bc4 Nc5 33. a5 bxa5 34. Bxa5 Bf4 35. Bb4 Nb7 36. e6 fxe6 37. Bxe6+ Kf8 38. Bd5 Nd6 39. Kf1 Be5 40. Ke2 Ke8 41. Bxd6 exd6 42. Kd3 Ke7 43. Bg8 h6 44. Bh7 Kf6 45. Bg8 Ke7 46. Bc4 Kf6 47. Ke4 Bc3 48. Kd5 Ke7 49. Bd3 g5 50. Ba6 Be1 51. Bb5 Bxf2 52. Ba6 Bg3 53. Bb5 Kf6 54. Ke4 Ke6 55. Bc4+ Kf6 56. Bb5 a5 57. Ba4 Ke6 58. Bb3+ Kd7 59. Kd5 Kc7 60. Ba4 Kb6 61. Kc4 h5 62. Be8 h4 63. Ba4 Kc7 64. Kd5 Kd8 65. Ke6 Bf4 66. Bb5 Kc7 67. Kd5 Kb6 68. Kc4 d5+ 0-1


[Site "https://www.chess.com"]

[Event "Titled Tuesday Blitz March 21 Late 2023"]
[White "Bogaudinov, Rushan"]
[Black "Papasimakopoulos, Alexandros"]
[WhiteFideId "4129288"]
[BlackFideId "4244125"]
[WhiteElo "1949"]
[BlackElo "2359"]
[Result "1/2-1/2"]
[Round "02"]
[TimeControl "180+2"]
[Date "2023.03.21"]
[WhiteClock "0:00:05"]
[BlackClock "0:00:02"]

1. d4 e6 2. Nf3 Nf6 3. g3 b5 4. a4 b4 5. Bg2 Bb7 6. O-O a5 7. Nbd2 Na6 8. Re1 c5 9. e4 d5 10. exd5 Bxd5 11. c4 bxc3 12. bxc3 cxd4 13. Nxd4 Bxg2 14. Kxg2 Qd5+ 15. Qf3 Bc5 16. Ba3 O-O 17. Ne4 Nxe4 18. Qxe4 Qxe4+ 19. Rxe4 Bxa3 20. Rxa3 Nc5 21. Re3 Rfc8 22. Nb5 Rab8 23. c4 Na6 24. Rac3 Nc5 25. Ra3 Nd7 26. Rec3 Rc5 27. Ra1 Nb6 28. Nd6 Rc6 29. c5 Nd7 30. Rac1 h6 31. Nb5 Kf8 32. Nd4 Rcc8 33. c6 Nb6 34. c7 Ra8 35. Rb1 Nd5 36. Rc5 Rxc7 37. Rxc7 Nxc7 38. Rb7 Na6 39. Nc6 Nc5 40. Rb5 Nxa4 41. Rxa5 Rxa5 42. Nxa5 Nb6 43. Nb3 Nc4 44. Nd4 e5 45. Ne2 Ke7 46. h4 h5 47. Nc3 Ke6 48. Ne2 f6 49. Kf3 Nd6 50. Kg2 Kd5 51. Ng1 Ke4 52. Nf3 Nf5 53. Nd2+ Kd3 54. Nb3 Kc4 55. Nd2+ Kd5 56. Nf3 Nd4 57. Ne1 e4 58. Kf1 Nf5 59. Ng2 g5 60. hxg5 fxg5 61. Ke2 Kd4 62. Ne1 h4 63. gxh4 gxh4 64. Kf1 Kc3 65. Ng2 Kd2 66. Nf4 Kd1 67. Ne6 h3 68. Nf4 h2 69. Kg2 Ke1 70. Nh3 e3 71. fxe3 Nxe3+ 72. Kxh2 1/2-1/2


[Site "https://www.chess.com"]

[Event "Titled Tuesday Blitz March 21 Late 2023"]
[White "Rose, Felix"]
[Black "Filgueira, Hernan"]
[WhiteFideId "5105722"]
[BlackFideId "101770"]
[WhiteElo "2039"]
[BlackElo "2363"]
[Result "0-1"]
[Round "02"]
[TimeControl "180+2"]
[Date "2023.03.21"]
[WhiteClock "0:00:07"]
[BlackClock "0:00:21"]

1. e4 d6 2. d4 Nf6 3. Nc3 Nbd7 4. g4 h6 5. h3 e5 6. Nge2 c6 7. Bg2 Be7 8. Be3 b5 9. Qd2 a6 10. O-O Qc7 11. f4 Bb7 12. Ng3 exd4 13. Bxd4 c5 14. Be3 b4 15. Nce2 g6 16. g5 hxg5 17. fxg5 Nh7 18. Rf2 Ne5 19. b3 O-O 20. Raf1 Rad8 21. c4 bxc3 22. Nxc3 Rd7 23. Nd5 Bxd5 24. Qxd5 Bxg5 25. Bxg5 Nxg5 26. Rf6 Nh7 27. R6f4 c4 28. Rc1 Qa7+ 29. Kh2 cxb3 30. axb3 Qe3 31. Rcf1 Qc5 32. Qd2 Rc7 33. Rh4 f6 34. Qh6 Rg7 35. Bf3 Nf7 36. Qd2 Qe5 37. Be2 Nhg5 38. Bxa6 Rh7 39. Rxh7 Kxh7 40. Qd3 Kg7 41. Bc4 Rh8 42. Bxf7 Kxf7 43. Qd5+ Qxd5 44. exd5 f5 45. Kg2 Kf6 46. Rh1 Rh4 47. Nf1 Rd4 48. h4 Nf7 49. Ne3 Rd3 50. Kf3 Rxb3 51. Rd1 Ne5+ 52. Ke2 Rb2+ 53. Rd2 Rb4 54. h5 gxh5 55. Rd1 f4 56. Rf1 Re4 57. Kd2 Kg5 58. Ng2 f3 59. Ne3 Rd4+ 60. Kc3 Rd3+ 61. Kc2 Rxe3 0-1


[Site "https://www.chess.com"]

[Event "Titled Tuesday Blitz March 21 Late 2023"]
[White "Drori, Saar"]
[Black "Battlecruiser_Operational"]
[WhiteFideId "2812444"]
[WhiteElo "2322"]
[BlackElo "2242"]
[Result "1-0"]
[Round "02"]
[TimeControl "180+2"]
[Date "2023.03.21"]
[WhiteClock "0:00:08"]
[BlackClock "0:00:08"]

1. e4 c6 2. Nc3 d5 3. Nf3 Qa5 4. exd5 cxd5 5. Bb5+ Bd7 6. Qe2 Nf6 7. d4 Bxb5 8. Qxb5+ Qxb5 9. Nxb5 Na6 10. c3 e6 11. Bf4 Nh5 12. Bd6 Kd7 13. Ne5+ Ke8 14. Bxf8 Kxf8 15. Nd6 f6 16. Nd3 g5 17. Nxb7 Rb8 18. Na5 Kf7 19. O-O-O Rhc8 20. Rhe1 Ng7 21. Nb3 Nf5 22. Nbc5 Nc7 23. Nb4 Nb5 24. Nbd3 Rc6 25. a4 Nc7 26. b4 a6 27. g4 Nd6 28. f4 h6 29. Rf1 Ke7 30. Rde1 Nc4 31. f5 a5 32. b5 Rd6 33. Re2 Kf7 34. Rfe1 Re8 35. fxe6+ Nxe6 36. Nb7 Rd7 37. Ndc5 Rde7 38. Rxe6 Rxe6 39. Rxe6 Rxe6 40. Nd8+ Ke7 41. Ndxe6 Ne3 42. h3 Ng2 43. b6 1-0


[Site "https://www.chess.com"]

[Event "Titled Tuesday Blitz March 21 Late 2023"]
[White "Firouzja, Alireza"]
[Black "Godzwon, Iwo"]
[WhiteFideId "12573981"]
[BlackFideId "21802483"]
[WhiteElo "2904"]
[BlackElo "2284"]
[Result "1-0"]
[Round "02"]
[TimeControl "180+2"]
[Date "2023.03.21"]
[WhiteClock "0:00:03"]
[BlackClock "0:00:02"]

1. d4 Nf6 2. c4 e6 3. Nf3 b6 4. g3 Bb7 5. Bg2 Bb4+ 6. Bd2 Bxd2+ 7. Qxd2 O-O 8. O-O d6 9. Nc3 Ne4 10. Nxe4 Bxe4 11. Qe3 Bb7 12. Qd3 f5 13. d5 e5 14. e4 fxe4 15. Qxe4 Nd7 16. h4 h6 17. Nd2 Nc5 18. Qe3 a5 19. b3 Bc8 20. a3 Bf5 21. b4 axb4 22. axb4 Nd3 23. Rab1 Ra4 24. Be4 Ra3 25. Bxf5 Rxf5 26. Ne4 Qf8 27. Rbd1 Rf3 28. Qe2 Qf5 29. Rxd3 Raxd3 30. Kg2 Rfe3 31. Nf6+ gxf6 32. fxe3 Qe4+ 33. Kh3 Rxe3 34. Qh5 Kg7 35. Qe8 Qg6 36. Qd7+ Qf7 37. Qc8 h5 38. Ra1 Kh6 39. Qh8+ Kg6 40. Qc8 Qg7 41. Rg1 Kh6 42. Qf5 Qg6 43. Qc8 1-0


[Site "https://www.chess.com"]

[Event "Titled Tuesday Blitz March 21 Late 2023"]
[White "Castellanos Hernandez, Emilio Au"]
[Black "Sarana, Alexey"]
[WhiteFideId "5114179"]
[BlackFideId "24133795"]
[WhiteElo "2037"]
[BlackElo "2714"]
[Result "0-1"]
[Round "02"]
[TimeControl "180+2"]
[Date "2023.03.21"]
[WhiteClock "0:02:15"]
[BlackClock "0:02:33"]

1. d4 Nf6 2. Bf4 d5 3. e3 c5 4. Nf3 Nc6 5. Nbd2 Qb6 6. dxc5 Qxb2 7. Rb1 Qa3 8. Bb5 g6 9. c4 Bg7 10. cxd5 Nxd5 11. Bg3 Nc3 12. Qb3 Nxb1 13. Qxb1 O-O 14. O-O Bf5 15. e4 Be6 0-1


[Site "https://www.chess.com"]

[Event "Titled Tuesday Blitz March 21 Late 2023"]
[White "Kollars, Dmitrij"]
[Black "Melikhov, Evgeny V."]
[WhiteFideId "12909572"]
[BlackFideId "4122046"]
[WhiteElo "2584"]
[BlackElo "2158"]
[Result "1/2-1/2"]
[Round "02"]
[TimeControl "180+2"]
[Date "2023.03.21"]
[WhiteClock "0:00:15"]
[BlackClock "0:00:02"]

1. Nf3 d5 2. c4 d4 3. b4 a5 4. b5 c5 5. d3 b6 6. g3 Bb7 7. Bg2 Nf6 8. O-O Nbd7 9. e3 e5 10. Re1 dxe3 11. Bxe3 Bd6 12. Nxe5 Bxg2 13. Nxd7 Qxd7 14. Kxg2 O-O 15. Nc3 Be5 16. Rc1 Bxc3 17. Rxc3 Rad8 18. Qf3 Rfe8 19. Re2 h6 20. Rd2 Ng4 21. Bf4 Re1 22. h3 Ne5 23. Bxe5 Rxe5 24. Rc1 Qd4 25. Rcd1 Rde8 26. Qb7 R8e6 27. Rf1 g5 28. Qf3 f5 29. Rc1 Kg7 30. Rcc2 Kg6 31. a4 h5 32. Qa8 Re8 33. Qb7 R8e6 34. Kh2 g4 35. h4 f4 36. Qc8 f3 37. Qg8+ Kh6 38. Qh8+ Kg6 39. Rc1 Re8 40. Qxe5 Rxe5 41. Rcc2 Re1 42. Ra2 Qc3 43. Rdc2 Qxd3 44. Rd2 Qf1 45. Rd6+ Kf7 46. Rd7+ Ke6 47. Rd6+ Kxd6 48. Rd2+ Ke7 49. Rd7+ Kf6 50. Rd6+ Ke5 51. Rd5+ Ke4 52. Re5+ Kd4 53. Re4+ Kc3 54. Re3+ Kb4 55. Rb3+ Kxc4 56. Rc3+ Kd4 57. Rc4+ Kd3 58. Rc3+ Kd2 59. Rc2+ Kd3 60. Rc3+ Kd4 61. Rc4+ Kxc4 1/2-1/2


[Site "https://www.chess.com"]

[Event "Titled Tuesday Blitz March 21 Late 2023"]
[White "Alekseenko, Kirill"]
[Black "Perez Rodriguez, Jennifer"]
[WhiteFideId "4135539"]
[BlackFideId "3507831"]
[WhiteElo "2683"]
[BlackElo "2170"]
[Result "1-0"]
[Round "02"]
[TimeControl "180+2"]
[Date "2023.03.21"]
[WhiteClock "0:00:33"]
[BlackClock "0:00:05"]

1. d4 d5 2. Nc3 a6 3. Bf4 Nf6 4. e3 e6 5. g4 Bd6 6. Qf3 Bxf4 7. Qxf4 c5 8. g5 Nfd7 9. Nf3 Nc6 10. h4 cxd4 11. exd4 Qb6 12. Rb1 Nf8 13. h5 Bd7 14. Bd3 h6 15. g6 f6 16. O-O O-O-O 17. b4 Qc7 18. Qxc7+ Kxc7 19. b5 Nb8 20. Na4 axb5 21. Bxb5 Bxb5 22. Rxb5 Nfd7 23. Rfb1 Nc6 24. Rxb7+ Kd6 25. Nc5 Nxd4 26. Nxd4 Nxc5 27. Rxg7 Ke5 28. Nc6+ Kf5 29. Nxd8 Rxd8 30. Rf7 e5 31. g7 Ne6 32. Rbb7 Rg8 33. a4 e4 34. a5 d4 35. Rb5+ Kg4 36. Rxf6 Nf4 37. Rf7 Nxh5 38. a6 Rc8 39. a7 Nf4 40. Rf8 Nh3+ 41. Kh2 1-0


[Site "https://www.chess.com"]

[Event "Titled Tuesday Blitz March 21 Late 2023"]
[White "Steinberg, Nitzan"]
[Black "Davidson, Kevin"]
[WhiteFideId "2801795"]
[BlackFideId "2056810"]
[WhiteElo "2486"]
[BlackElo "2151"]
[Result "1-0"]
[Round "02"]
[TimeControl "180+2"]
[Date "2023.03.21"]
[WhiteClock "0:00:31"]
[BlackClock "0:00:01"]

1. Nf3 Nf6 2. g3 g6 3. Bg2 Bg7 4. O-O O-O 5. d4 d6 6. c4 Nbd7 7. Nc3 e5 8. e4 c6 9. Re1 Qb6 10. d5 Nc5 11. Qc2 cxd5 12. cxd5 Bd7 13. h3 a5 14. Be3 Rfc8 15. Nd2 Qd8 16. a4 Nxa4 17. Rxa4 b5 18. Raa1 b4 19. Qd3 bxc3 20. bxc3 a4 21. c4 Qa5 22. Ra3 Rcb8 23. Rea1 Rb2 24. c5 dxc5 25. Nc4 Qb4 26. Nxb2 Qxb2 27. Bxc5 Rc8 28. Rb1 Qxb1+ 29. Qxb1 Rxc5 30. Qb6 Rc1+ 31. Kh2 h5 32. Ra2 Kh7 33. Bf3 Rc3 34. Kg2 Rc4 35. Qa6 Rd4 36. Qd6 Bc8 37. Qc7 Bd7 38. Qd6 Rd3 39. Qe7 Bxh3+ 40. Kxh3 Rxf3 41. Kg2 Rb3 42. d6 Nxe4 43. d7 Bf6 44. Qxf7+ Kh6 45. Qxf6 Nxf6 46. d8=Q 1-0


[Site "https://www.chess.com"]